 Dungeon Crawl Stone Soup version 0.19.0 (webtiles) character file.

1941 bombasticus the Covered (level 8, 0/73 HPs)
             Began as a Minotaur Berserker on Nov 15, 2016.
             Was a High Priest of Trog.
             Slain by a wight
             ... wielding a +3 hand axe of freezing
              (8 damage)
             ... on level 6 of the Dungeon.
             The game lasted 00:14:06 (4672 turns).

bombasticus the Covered (Minotaur Berserker)        Turns: 4672, Time: 00:14:07

Health: 0/73       AC:  5    Str: 22    XL:     8   Next: 98%
Magic:  7/7        EV: 12    Int:  4    God:    Trog [*****.]
Gold:   482        SH:  0    Dex: 10    Spells: 0 memorised, 7 levels left

rFire  . . .     SeeInvis +     w - +1 hand axe (flame)
rCold  + . .     Gourm    .     u - +0 ring mail (curse)
rNeg   . . .     Faith    .     (no shield)
rPois  .         Spirit   .     i - +2 hat
rElec  .         Reflect  .     (no cloak)
rCorr  .         Harm     .     (no gloves)
MR     .....                    (no boots)
Stlth  ..........               (no amulet)
                                A - ring of protection from cold
                                o - ring of see invisible

@: heavily drained
A: retaliatory headbutt, hooves 1, horns 2, blurry vision 1, deformed body, weak
1, subdued magic 1
a: Berserk, Trog's Hand, Brothers in Arms, Burn Spellbooks, Renounce Religion


You were on level 6 of the Dungeon.
You worshipped Trog.
Trog was extremely pleased with you.
You were very hungry.

You visited 1 branch of the dungeon, and saw 6 of its levels.
You also visited: Ossuary.

You collected 482 gold pieces.

Inventory:

Hand Weapons
 a - a +0 falchion
 t - a +0 dagger
 w - a +1 hand axe of flaming (weapon)
 x - a +2 dagger of venom
Armour
 b - a +0 animal skin
 g - a +0 scale mail
 h - a +0 plate armour
 i - a +2 hat (worn)
 u - a cursed +0 ring mail (worn)
 D - a +0 leather armour of magic resistance
 K - a +0 shield
Jewellery
 o - a ring of see invisible (left hand)
 A - a ring of protection from cold (right hand)
 H - an uncursed amulet of regeneration {unknown}
 I - a cursed ring of loudness {unknown}
Scrolls
 d - 2 scrolls of enchant weapon {unknown}
 e - 4 scrolls of teleportation {unknown}
 j - 2 scrolls of random uselessness {unknown}
 l - 5 scrolls of identify {unknown}
 m - a scroll of amnesia {unknown}
 q - 2 scrolls of noise {unknown}
 s - 3 scrolls of recharging {unknown}
 y - 2 scrolls of remove curse {unknown}
 z - 3 scrolls of blinking {unknown}
 C - a scroll of fog {unknown}
 G - a scroll of holy word {unknown}
 L - a scroll of fear {unknown}
 N - a scroll of torment {unknown}
Potions
 n - 5 potions of curing {unknown}
 p - 4 potions of degeneration {unknown}
 r - 3 potions of haste {unknown}
 v - 4 potions of agility {unknown}
 B - a potion of flight {unknown}
 E - a potion of resistance
 F - 2 potions of mutation {unknown}
 J - 2 potions of cancellation {unknown}
 M - a potion of ambrosia {unknown}
Comestibles
 c - 5 bread rations
 f - 2 fruits
 k - a royal jelly


   Skills:
 + Level 7.0(4.4) Fighting
 + Level 6.6(3.9) Long Blades
 + Level 7.0(4.3) Axes
 + Level 7.0(4.4) Armour
 + Level 5.3(2.8) Dodging
 + Level 1.2(0.0) Stealth


You had 7 spell levels left.
You didn't know any spells.

Dungeon Overview and Level Annotations

Branches:
Dungeon (6/15)             Temple (0/1) D:4

Altars:
Kikubaaqudgha


Innate Abilities, Weirdness & Mutations

You reflexively headbutt those who attack you in melee.
You have a pair of horns on your head.
You have large cloven feet.
Scrolls take you a little longer to read.
Armour fits poorly on your strangely shaped body.
You are weak. (Str -2)
Your spells are a little easier to cast, but a little less powerful.


Message History

You feel drained.
* * * LOW HITPOINT WARNING * * *
You barely miss the wight.
The wight is severely damaged.
You barely miss the crimson imp. The crimson imp barely misses you.
You furiously retaliate!
You headbutt the crimson imp.
You kill the crimson imp!
Trog accepts your kill.
Your base Fighting skill increases to level 7!
The wight hits you with a hand axe of freezing!
* * * LOW HITPOINT WARNING * * *
You feel drained.
* * * LOW HITPOINT WARNING * * *
The wight freezes you.
* * * LOW HITPOINT WARNING * * *
You are feeling very hungry.
You barely miss the wight. Your kick misses the wight.
The wight is severely damaged.
The wight hits you with a hand axe of freezing!
You die...

######...........
#........... ........#
#........... ........#
#######.......
...5....######.##..........
...z....#...........'######
........#...........#......
........#....(..<##.#.'####
...z....#z@......##.#.#....
......†..).###.####.#.#.##.
...........# #......#.#.##.
#######....# ####...#.#....
#....# #...#.+#### ######
#...#...... #...'######
#.......... #........>#


You could see a wight.

Vanquished Creatures
  Grinder (D:4)
  Eustachio (D:4)
  The ghost of chickenpie the Skirmisher, an amateur MiFi (D:4)
  A sky beast (D:5)
  An ogre (D:4)
  A centaur (D:5)
  Blork the orc (D:4)
  A scorpion (D:4)
  2 wights (D:6)
  A howler monkey (D:5)
  5 crimson imps
  A centaur skeleton (D:5)
  3 hounds
  3 orc priests
  A jelly (D:6)
  2 orc wizards (D:5)
  An iguana (D:4)
  4 worker ants
  2 hound skeletons
  8 mummies (Ossuary)
  A gnoll (D:1)
  8 adders
  2 shadow imps (D:5)
  3 oozes
  A worm (D:2)
  2 dart slugs
  9 leopard geckos
  12 orcs
  2 ball pythons (D:3)
  6 bats
  5 giant cockroaches
  A gnoll zombie (Ossuary)
  12 goblins
  11 hobgoblins
  16 jackals
  A quokka (D:3)
  5 frilled lizards
  A hobgoblin zombie (Ossuary)
  8 kobolds
  4 kobold zombies (Ossuary)
  2 orc zombies (Ossuary)
  A quokka skeleton (D:5)
  5 rats
  2 toadstools (D:1)
161 creatures vanquished.

Vanquished Creatures (others)
  A human (D:3)
  2 toadstools (D:1)
3 creatures vanquished.

Grand Total: 164 creatures vanquished

Notes
Turn   | Place    | Note
-------+----------+-------------------------------------------
     0 | D:1      | bombasticus the Minotaur Berserker began the quest for the Orb.
     0 | D:1      | Reached XP level 1. HP: 19/19 MP: 0/0
   184 | D:1      | Reached XP level 2. HP: 25/27 MP: 1/1
   258 | D:1      | Reached XP level 3. HP: 31/33 MP: 2/2
   772 | D:2      | Reached ** piety under Trog
   976 | D:2      | Reached XP level 4. HP: 41/41 MP: 3/3
  1373 | D:3      | Reached skill level 5 in Long Blades
  1383 | D:3      | Reached *** piety under Trog
  1383 | D:3      | Reached XP level 5. HP: 46/47 MP: 4/4
  1628 | D:3      | Found a faded altar of an unknown god.
  1758 | D:3      | Received a gift from Trog
  1885 | D:3      | Found an ancient bone altar of Kikubaaqudgha.
  1892 | D:3      | Noticed a human
  1895 | D:3      | Killed a human
  2085 | D:4      | Reached skill level 1 in Axes
  2085 | D:4      | Reached XP level 6. HP: 27/55 MP: 5/5
  2303 | D:4      | Noticed Blork the orc
  2312 | D:4      | Killed Blork the orc
  2312 | D:4      | Reached skill level 5 in Fighting
  2367 | D:4      | Noticed Grinder
  2367 | D:4      | Paralysed by Grinder for 3 turns
  2377 | D:4      | Killed Grinder
  2377 | D:4      | Reached skill level 5 in Armour
  2377 | D:4      | Reached XP level 7. HP: 61/61 MP: 6/6
  2398 | D:4      | Found a staircase to the Ecumenical Temple.
  2430 | D:4      | Noticed chickenpie's ghost (amateur MiFi)
  2442 | D:4      | Killed chickenpie's ghost
  2479 | D:4      | Noticed Eustachio
  2502 | D:4      | Killed Eustachio
  2502 | D:4      | Reached skill level 1 in Stealth
  2502 | D:4      | Reached XP level 8. HP: 10/70 MP: 7/7
  3094 | D:4      | Reached **** piety under Trog
  3376 | D:5      | Entered Level 5 of the Dungeon
  3420 | D:5      | Reached skill level 5 in Axes
  3439 | D:5      | Gained mutation: Scrolls take you a little longer to read. [mutagenic meat]
  3440 | D:5      | Gained mutation: Armour fits poorly on your strangely shaped body. [mutagenic meat]
  3441 | D:5      | Gained mutation: You have large cloven feet. [mutagenic meat]
  3442 | D:5      | Gained mutation: You are weak. (Str -2) [mutagenic meat]
  3443 | D:5      | Gained mutation: Your spells are a little easier to cast, but a little less powerful. [mutagenic meat]
  3599 | D:5      | Found a sand-covered staircase.
  3606 | Ossuary  | Entered an ossuary
  3641 | Ossuary  | Reached skill level 5 in Dodging
  4565 | D:6      | Reached ***** piety under Trog
  4672 | D:6      | Slain by a wight

Skill      XL: |  1  2  3  4  5  6  7  8 |
---------------+-------------------------+-----
Fighting       | 4 5 6 7 |  7.0
Long Blades    | 4 5 6 |  6.6
Armour         | 3 4 5 6 7 |  7.0
Dodging        | 3 4 5 |  5.3
Axes           | 1 2 4 7 |  7.0
Stealth        | 1 |  1.2

Action                   |  1- 3 |  4- 6 |  7- 9 || total
-------------------------+-------+-------+-------++-------
Melee: Falchion          |    85 |    64 |       ||   149
       Headbutt          |    12 |    29 |    26 ||    67
       Hand axe          |       |    70 |   170 ||   240
       Kick              |       |       |    23 ||    23
Invok: Berserk           |       |     1 |     5 ||     6
  Eat: Chunk             |       |     5 |    18 ||    23
Armor: Scale mail        |     4 |       |       ||     4
       Animal skin       |     1 |       |       ||     1
       Plate armour      |    64 |    35 |       ||    99
       Ring mail         |       |    26 |   101 ||   127
Dodge: Dodged            |    44 |    97 |   158 ||   299
       Rpst.: Falchion   |     6 |    13 |       ||    19
